 Dungeon Crawl Stone Soup version 0.20.1-1-g8b1a95d (webtiles) character file.

241 equalderp2856 the Skirmisher (level 5, -3/42 HPs)
             Began as a Mummy Fighter on Oct 25, 2017.
             Slain by an ogre
             ... wielding a +0 giant club
              (16 damage)
             ... on level 4 of the Dungeon.
             The game lasted 00:04:36 (3218 turns).

equalderp2856 the Skirmisher (Mummy Fighter)        Turns: 3218, Time: 00:04:37

Health: -3/42      AC:  6    Str: 20    XL:     5   Next: 80%
Magic:  8/8        EV:  7    Int:  8    God:
Gold:   127        SH:  9    Dex: 11    Spells: 8/8 levels left

rFire    x . .     SeeInvis .   a - +0 war axe
rCold    + . .     Gourm    .   c - +0 shield
rNeg     + + +     Faith    .   b - +0 scale mail
rPois    ∞         Spirit   .   (no helmet)
rElec    .         Reflect  .   (no cloak)
rCorr    .         Harm     .   (no gloves)
MR       +....                  (no boots)
Stlth    ..........             (no amulet)
Regen    0.2/turn               d - ring of flight
MPRegen  0.2/turn               g - ring of protection from magic

@: no status effects
A: no food or potions, fire vulnerability, cold resistance 1, negative energy
resistance 3, torment resistance, unbreathing
a: Evoke Flight


You were on level 4 of the Dungeon.
You were not hungry.

You visited 1 branch of the dungeon, and saw 4 of its levels.

You collected 127 gold pieces.

Inventory:

Hand Weapons
 a - a +0 war axe (weapon)
Armour
 b - a +0 scale mail (worn)
 c - a +0 shield (worn)
Jewellery
 d - a ring of flight (left hand)
 g - a ring of protection from magic (right hand)
Scrolls
 e - a scroll of fear {unknown}
 f - 2 scrolls of recharging
 h - a scroll of identify {unknown}
 i - a scroll of magic mapping {unknown}
 j - a scroll of fog {unknown}
 k - a scroll of random uselessness {unknown}


   Skills:
 + Level 3.7 Fighting
 * Level 3.2 Axes
 + Level 3.0 Armour
 + Level 0.7 Dodging
 + Level 3.2 Shields
 * Level 2.2 Spellcasting


You had 8 spell levels left.
You didn't know any spells.

Dungeon Overview and Level Annotations

Branches:
Dungeon (4/15)             Temple (0/1) D:4

Altars:
Xom


Innate Abilities, Weirdness & Mutations

You do not eat or drink.
Your flesh is vulnerable to fire.
You are immune to poison.
Your flesh is cold resistant. (rC+)
You are immune to negative energy. (rN+++)
You are immune to unholy pain and torment.
You can survive without breathing.


Message History

The crimson imp blinks!
Found 13 gold pieces.
You don't know any spells.
You don't know any spells.
You don't know any spells.
You don't know any spells.
You don't know any spells.
You don't know any spells.
You don't know any spells.
You don't know any spells.
You don't know any spells.
You don't know any spells.
You don't know any spells.
You don't know any spells.
You don't know any spells.
You don't know any spells.
Okay, then.
Unknown command.
The ogre hits you with a giant club!
You die...

..##.........#
#..%........#
#.......#...# # #
###?.....5....# .# .
#........###..### ..#
. #........##<†...+
...+ .
#........####..##....#
. ###......#
#......... . #.O@.$.#
#5.####### . #......#
#..## . #......# #...#
. #......# #(..##### .
######## #...#...# .
#.#.#...# # ##+#.....#
#...#....#
######...#....##


You could see an ogre and a crimson imp.

Vanquished Creatures
  A scorpion (D:4)
  An orc priest (D:2)
  A hound (D:3)
  2 adders
  A gnoll (D:1)
  2 oozes (D:2)
  2 worms
  2 dart slugs
  A leopard gecko (D:3)
  8 orcs
  4 giant cockroaches
  7 goblins
  5 hobgoblins
  10 jackals
  2 ball pythons (D:2)
  4 bats
  5 frilled lizards
  8 kobolds
  12 rats
78 creatures vanquished.

Notes
Turn   | Place    | Note
-------+----------+-------------------------------------------
     0 | D:1      | equalderp2856 the Mummy Fighter began the quest for the Orb.
     0 | D:1      | Reached XP level 1. HP: 18/18 MP: 1/1
    12 | D:1      | Reached XP level 2. HP: 19/24 MP: 2/2
   582 | D:1      | Reached XP level 3. HP: 29/29 MP: 3/3
   807 | D:2      | Found a shimmering altar of Xom.
  1198 | D:2      | Reached skill level 1 in Spellcasting
  1245 | D:2      | Reached XP level 4. HP: 22/35 MP: 5/5
  1674 | D:3      | Found a shimmering altar of Xom.
  2323 | D:2      | Reached XP level 5. HP: 22/41 MP: 7/7
  2793 | D:4      | Noticed an ogre
  3155 | D:4      | Found a staircase to the Ecumenical Temple.
  3156 | D:4      | Noticed an ogre
  3218 | D:4      | Slain by an ogre

Skill      XL: |  1  2  3  4  5 |
---------------+----------------+-----
Axes           | 2 3 |  3.2
Spellcasting   | 1 2 |  2.2
Shields        | 3 |  3.2
Armour         | 3 |  3.0
Fighting       | |  3.7
Dodging        | |  0.7

Action                   |  1- 3 |  4- 6 || total
-------------------------+-------+-------++-------
Melee: War axe           |   126 |   142 ||   268
  Use: Scroll            |       |     1 ||     1
Armor: Scale mail        |    79 |    67 ||   146
Dodge: Dodged            |    42 |    33 ||    75
Block: Shield            |    79 |    83 ||   162
